TOP OF THE 1ST |
Beaverton Bronze Souls batting - Pitching for Scottsdale Scorpions : LHP Perry Harris
|
Pitching: LHP Perry Harris
|
|
Batting: LHB Cisco Gallegos
|
0-0: Ground out 1-3 (Groundball, 15)
|
Batting: LHB José Guillén
|
0-0: Ball 1-0: Ground out 6-3 (Groundball, 6)
|
Batting: RHB Steve Smith
|
0-0: Ball 1-0: Swinging Strike 1-1: Ground out 6-3 (Groundball, 6)
|
Top of the 1st over - 0 runs, 0 hits, 0 errors, 0 left on base; Beaverton 0 - Scottsdale 0 |
BOTTOM OF THE 1ST |
Scottsdale Scorpions batting - Pitching for Beaverton Bronze Souls : LHP Pedro Echevarría
|
Pitching: LHP Pedro Echevarría
|
|
Batting: LHB Bartolo Baruffaldi
|
0-0: Called Strike 0-1: Ball 1-1: Foul Ball, location: 2F 1-2: Strikes out looking
|
Batting: RHB José Martínez
|
0-0: Foul Ball, location: 2F 0-1: Called Strike 0-2: Strikes out looking
|
Batting: RHB Phil Rowlett
|
0-0: Called Strike 0-1: Called Strike 0-2: Strikes out swinging
|
Bottom of the 1st over - 0 runs, 0 hits, 0 errors, 0 left on base; Beaverton 0 - Scottsdale 0 |
TOP OF THE 2ND |
Beaverton Bronze Souls batting - Pitching for Scottsdale Scorpions : LHP Perry Harris
|
Batting: RHB Dan Cross
|
0-0: Called Strike 0-1: Foul Ball, location: 2F 0-2: Foul Ball, location: 2F 0-2: Ball 1-2: Fly out, F4 (Line Drive, 4)
|
Batting: RHB Luis Carranza
|
0-0: Swinging Strike 0-1: Ball 1-1: Ball 2-1: Foul Ball, location: 2F 2-2: Strikes out looking
|
Batting: SHB Alberto Sandoval
|
0-0: Swinging Strike 0-1: Swinging Strike 0-2: Ball 1-2: Strikes out swinging
|
Top of the 2nd over - 0 runs, 0 hits, 0 errors, 0 left on base; Beaverton 0 - Scottsdale 0 |
BOTTOM OF THE 2ND |
Scottsdale Scorpions batting - Pitching for Beaverton Bronze Souls : LHP Pedro Echevarría
|
Batting: LHB Tony Ayala
|
0-0: Ball 1-0: Ball 2-0: Ball 3-0: Base on Balls
|
Batting: RHB Miguel Ramos
|
0-0: Called Strike 0-1: Ball Wild Pitch! Tony Ayala to second 1-1: Foul Ball, location: 2F 1-2: Ball 2-2: Foul Ball, location: 2F 2-2: Foul Ball, location: 2F 2-2: Strikes out swinging, 2-3 out at first.
|
Batting: RHB Dean Oglethorpe
|
0-0: Ball 1-0: DOUBLE (Flyball, 89XD) Tony Ayala scores
|
Batting: RHB Manny Moreno
|
0-0: Called Strike 0-1: Ball 1-1: Ball 2-1: Ball 3-1: Fly out, F4 (Line Drive, 4) Lined into DP, 4-6 (Line Drive, 4)
|
Bottom of the 2nd over - 1 run, 1 hit, 0 errors, 0 left on base; Beaverton 0 - Scottsdale 1 |
TOP OF THE 3RD |
Beaverton Bronze Souls batting - Pitching for Scottsdale Scorpions : LHP Perry Harris
|
Batting: RHB Salvador Castro
|
0-0: Ball 1-0: Ball 2-0: Ball 3-0: Called Strike 3-1: Called Strike 3-2: Foul Ball, location: 2F 3-2: SINGLE (Groundball, 4MD)
|
Batting: LHB Rodrigo Pérez
|
0-0: Called Strike 0-1: Foul Ball, location: 2F 0-2: Ball 1-2: Foul Ball, location: 2F 1-2: Ball 2-2: Fielders Choice at 2nd, 4-6 (Groundball, 34)
|
Batting: LHB Bob Huerta
|
0-0: Fielders Choice at 2nd, 2-4 (Groundball, 2L)
|
Batting: LHB Cisco Gallegos
|
0-0: Foul Ball, location: 2F 0-1: Swinging Strike 0-2: Ball 1-2: Ball 2-2: Ball 3-2: Base on Balls Bob Huerta to second
|
Batting: LHB José Guillén
|
0-0: Ball 1-0: Foul Ball, location: 2F 1-1: Called Strike 1-2: Ball 2-2: Fielders Choice at 2nd, 5-4 (Groundball, 56)
|
Top of the 3rd over - 0 runs, 1 hit, 0 errors, 2 left on base; Beaverton 0 - Scottsdale 1 |
BOTTOM OF THE 3RD |
Scottsdale Scorpions batting - Pitching for Beaverton Bronze Souls : LHP Pedro Echevarría
|
Batting: RHB Rob Johnston
|
0-0: Swinging Strike 0-1: Ball 1-1: Called Strike 1-2: Ball 2-2: Ball 3-2: Strikes out swinging
|
Batting: RHB Jeff McQueen
|
0-0: Ball 1-0: Swinging Strike 1-1: Ground out 3-1 (Groundball, 34)
|
Batting: LHB Bartolo Baruffaldi
|
0-0: Swinging Strike 0-1: Foul Ball, location: 2F 0-2: Ball 1-2: Ball 2-2: Ball 3-2: SINGLE (Line Drive, 34D)
|
Batting: RHB José Martínez
|
0-0: Ball 1-0: Ball Bartolo Baruffaldi steals 2nd base 2-0: Called Strike 2-1: Ball 3-1: Foul Ball, location: 2F 3-2: Ground out 6-3 (Groundball, 6M)
|
Bottom of the 3rd over - 0 runs, 1 hit, 0 errors, 1 left on base; Beaverton 0 - Scottsdale 1 |
TOP OF THE 4TH |
Beaverton Bronze Souls batting - Pitching for Scottsdale Scorpions : LHP Perry Harris
|
Batting: RHB Steve Smith
|
0-0: Foul Ball, location: 2F 0-1: SINGLE (Flyball, 78M)
|
Batting: RHB Dan Cross
|
0-0: Foul Ball, location: 2F 0-1: DOUBLE (Line Drive, 7LD) Steve Smith to third
|
Batting: RHB Luis Carranza
|
0-0: SINGLE (Line Drive, 78S) Steve Smith scores Dan Cross to third
|
Batting: SHB Alberto Sandoval
|
0-0: SINGLE (Line Drive, 6M) Dan Cross scores Luis Carranza to second
|
Batting: RHB Salvador Castro
|
0-0: Fly out, F9 (Flyball, 89S)
|
Batting: LHB Rodrigo Pérez
|
0-0: Ball 1-0: Ball 2-0: Ball 3-0: Called Strike 3-1: Foul Ball, location: 2F 3-2: Foul Ball, location: 2F 3-2: Fly out, F8 (Flyball, 8RD)
|
Batting: LHB Bob Huerta
|
0-0: Ball 1-0: Ball 2-0: Swinging Strike 2-1: Swinging Strike 2-2: Strikes out swinging
|
Top of the 4th over - 2 runs, 4 hits, 0 errors, 2 left on base; Beaverton 2 - Scottsdale 1 |
BOTTOM OF THE 4TH |
Scottsdale Scorpions batting - Pitching for Beaverton Bronze Souls : LHP Pedro Echevarría
|
Batting: RHB Phil Rowlett
|
0-0: Fly out, F8 (Flyball, 8LD)
|
Batting: LHB Tony Ayala
|
0-0: Called Strike 0-1: Fly out, F7 (Flyball, 78S)
|
Batting: RHB Miguel Ramos
|
0-0: Called Strike 0-1: Ball 1-1: Ball 2-1: SINGLE (Groundball, 34D)
|
Batting: RHB Dean Oglethorpe
|
0-0: Ball 1-0: Called Strike 1-1: Ball Miguel Ramos steals 2nd base 2-1: Swinging Strike 2-2: Foul Ball, location: 2F 2-2: Strikes out swinging
|
Bottom of the 4th over - 0 runs, 1 hit, 0 errors, 1 left on base; Beaverton 2 - Scottsdale 1 |
TOP OF THE 5TH |
Beaverton Bronze Souls batting - Pitching for Scottsdale Scorpions : LHP Perry Harris
|
Batting: LHB Cisco Gallegos
|
0-0: Ball 1-0: Fly out, F7 (Flyball, 78D)
|
Batting: LHB José Guillén
|
0-0: Called Strike 0-1: Ball 1-1: DOUBLE (Line Drive, 78D)
|
Batting: RHB Steve Smith
|
0-0: Intentional Walk
|
Batting: RHB Dan Cross
|
0-0: Called Strike 0-1: Ball 1-1: Foul Ball, location: 2F 1-2: Ball 2-2: Ground out 4-3 (Groundball, 4S) José Guillén to third Steve Smith to second
|
Batting: RHB Luis Carranza
|
0-0: Intentional Walk
|
Batting: SHB Alberto Sandoval
|
0-0: Swinging Strike 0-1: Foul Ball, location: 2F 0-2: Ball 1-2: Ball 2-2: Ball 3-2: Ground out 5-3 (Groundball, 5)
|
Top of the 5th over - 0 runs, 1 hit, 0 errors, 3 left on base; Beaverton 2 - Scottsdale 1 |
BOTTOM OF THE 5TH |
Scottsdale Scorpions batting - Pitching for Beaverton Bronze Souls : LHP Pedro Echevarría
|
Batting: RHB Manny Moreno
|
0-0: Called Strike 0-1: Ground out U3 (Groundball, 34S)
|
Batting: RHB Rob Johnston
|
0-0: Ball 1-0: Ball 2-0: Called Strike 2-1: Swinging Strike 2-2: SINGLE (Groundball, 5D)
|
Batting: RHB Jeff McQueen
|
0-0: Ball Rob Johnston is caught stealing 2nd base 1-0: Foul Ball, location: 2F 1-1: Ball 2-1: Ball 3-1: SINGLE (Line Drive, 7LS)
|
Batting: LHB Bartolo Baruffaldi
|
0-0: Ball 1-0: Ball 2-0: Swinging Strike 2-1: Foul Ball, location: 2F 2-2: Strikes out looking
|
Bottom of the 5th over - 0 runs, 2 hits, 0 errors, 1 left on base; Beaverton 2 - Scottsdale 1 |
TOP OF THE 6TH |
Beaverton Bronze Souls batting - Pitching for Scottsdale Scorpions : LHP Perry Harris
|
Batting: RHB Salvador Castro
|
0-0: Ball 1-0: Foul Ball, location: 2F 1-1: Ball 2-1: Swinging Strike 2-2: Fly out, F7 (Flyball, 7LD)
|
Batting: LHB Rodrigo Pérez
|
0-0: SINGLE (Line Drive, 4M)
|
Batting: LHB Bob Huerta
|
0-0: Called Strike Rodrigo Pérez is caught stealing 2nd base 0-1: Ball 1-1: DOUBLE (Line Drive, 9LM)
|
Batting: LHB Cisco Gallegos
|
0-0: Called Strike 0-1: Ball 1-1: Ball 2-1: Foul Ball, location: 2F 2-2: SINGLE (Flyball, 7LS) Bob Huerta to third Runner from 3rd tries for Home, SAFE, no throw
|
Batting: LHB José Guillén
|
0-0: Called Strike 0-1: Foul Ball, location: 2F 0-2: Ball Wild Pitch! Cisco Gallegos to second 1-2: Ball 2-2: SINGLE (Line Drive, 78S) Cisco Gallegos to third Runner from 3rd tries for Home, SAFE, no throw
|
Pitching: RHP Rick Rutledge
|
|
Batting: RHB Steve Smith
|
0-0: Foul Ball, location: 2F 0-1: Ground out 4-3 (Groundball, 4S)
|
Top of the 6th over - 2 runs, 4 hits, 0 errors, 1 left on base; Beaverton 4 - Scottsdale 1 |
BOTTOM OF THE 6TH |
Scottsdale Scorpions batting - Pitching for Beaverton Bronze Souls : LHP Pedro Echevarría
|
Batting: RHB José Martínez
|
0-0: Called Strike 0-1: Foul Ball, location: 2F 0-2: Ball 1-2: SINGLE (Groundball, 56D)
|
Pitching: RHP Ramón Martínez
|
|
Batting: RHB Phil Rowlett
|
0-0: Ball 1-0: Called Strike 1-1: Foul Ball, location: 2F 1-2: Foul Ball, location: 2F 1-2: Grounds into double play, 6-4-3 (Groundball, 6)
|
Batting: LHB Tony Ayala
|
0-0: Ball 1-0: Called Strike 1-1: Ball 2-1: Ball 3-1: Base on Balls
|
Batting: RHB Miguel Ramos
|
0-0: Called Strike Tony Ayala steals 2nd base 0-1: Ball 1-1: Called Strike 1-2: Ball 2-2: Ball 3-2: Foul Ball, location: 2F 3-2: Strikes out swinging
|
Bottom of the 6th over - 0 runs, 1 hit, 0 errors, 1 left on base; Beaverton 4 - Scottsdale 1 |
TOP OF THE 7TH |
Beaverton Bronze Souls batting - Pitching for Scottsdale Scorpions : RHP Rick Rutledge
|
Batting: RHB Dan Cross
|
0-0: Ball 1-0: Ball 2-0: Called Strike 2-1: Called Strike 2-2: SOLO HOME RUN (Flyball, 7LD), Distance : 334 ft
|
Batting: RHB Luis Carranza
|
0-0: Swinging Strike 0-1: Ball 1-1: Foul Ball, location: 2F 1-2: Fly out, F3 (Popup, 34)
|
Batting: SHB Alberto Sandoval
|
0-0: Called Strike 0-1: SINGLE (Groundball, 56D)
|
Batting: RHB Salvador Castro
|
0-0: Ball 1-0: Ball 2-0: Foul Ball, location: 2F 2-1: Foul Ball, location: 2F 2-2: SINGLE (Groundball, 56D) Alberto Sandoval to second
|
Batting: LHB Rodrigo Pérez
|
0-0: Ball Wild Pitch! Alberto Sandoval to third Salvador Castro to second 1-0: Intentional Walk
|
Batting: LHB Bob Huerta
|
0-0: Grounds into fielders choice 6-2 (Groundball, 6) Salvador Castro to third Rodrigo Pérez to second
|
Batting: LHB Cisco Gallegos
|
0-0: Called Strike 0-1: SINGLE (Line Drive, 6MD) Salvador Castro scores Rodrigo Pérez to third Bob Huerta to second Runner from 3rd tries for Home, SAFE, no throw
|
Batting: LHB José Guillén
|
0-0: Ball 1-0: Fly out, F8 (Line Drive, 89M)
|
Top of the 7th over - 3 runs, 4 hits, 0 errors, 2 left on base; Beaverton 7 - Scottsdale 1 |
BOTTOM OF THE 7TH |
Scottsdale Scorpions batting - Pitching for Beaverton Bronze Souls : RHP Ramón Martínez
|
Batting: RHB Dean Oglethorpe
|
0-0: Ground out 5-3 (Groundball, 56)
|
Batting: RHB Manny Moreno
|
0-0: Swinging Strike 0-1: Called Strike 0-2: Ball 1-2: Ball 2-2: Ground out 6-3 (Groundball, 6)
|
Batting: RHB Rob Johnston
|
0-0: Ball 1-0: Ball 2-0: Swinging Strike 2-1: Foul Ball, location: 2F 2-2: Ball 3-2: Strikes out swinging
|
Bottom of the 7th over - 0 runs, 0 hits, 0 errors, 0 left on base; Beaverton 7 - Scottsdale 1 |
TOP OF THE 8TH |
Beaverton Bronze Souls batting - Pitching for Scottsdale Scorpions : RHP Rick Rutledge
|
Batting: RHB Steve Smith
|
0-0: Swinging Strike 0-1: Swinging Strike 0-2: Strikes out swinging
|
Batting: RHB Dan Cross
|
0-0: Called Strike 0-1: Ball 1-1: Ground out 4-3 (Groundball, 4)
|
Batting: RHB Luis Carranza
|
0-0: SOLO HOME RUN (Flyball, 7LD), Distance : 334 ft
|
Batting: SHB Alberto Sandoval
|
0-0: Swinging Strike 0-1: Ground out U3 (Groundball, 34)
|
Top of the 8th over - 1 run, 1 hit, 0 errors, 0 left on base; Beaverton 8 - Scottsdale 1 |
BOTTOM OF THE 8TH |
Scottsdale Scorpions batting - Pitching for Beaverton Bronze Souls : RHP Ramón Martínez
|
Now at 1B: Jeff Byford
|
|
Batting: RHB Jeff McQueen
|
0-0: SOLO HOME RUN (Flyball, 7LD), Distance : 317 ft
|
Batting: LHB Bartolo Baruffaldi
|
0-0: Ball 1-0: Called Strike 1-1: Called Strike 1-2: Foul Ball, location: 2F 1-2: SINGLE (Flyball, 78M)
|
Pitching: RHP Vicente Guillén
|
|
Batting: RHB José Martínez
|
0-0: Ball 1-0: Fly out, F3 (Popup, 3SF)
|
Batting: RHB Phil Rowlett
|
0-0: Called Strike 0-1: Called Strike 0-2: Ball 1-2: Fly out, F8 (Line Drive, 8LM)
|
Batting: LHB Tony Ayala
|
0-0: Fielders Choice at 2nd, 6-4 (Groundball, 6)
|
Bottom of the 8th over - 1 run, 2 hits, 0 errors, 1 left on base; Beaverton 8 - Scottsdale 2 |
TOP OF THE 9TH |
Beaverton Bronze Souls batting - Pitching for Scottsdale Scorpions : RHP Rick Rutledge
|
Pitching: RHP José Alvarado
|
|
Batting: RHB Salvador Castro
|
0-0: Ball 1-0: Ball 2-0: SINGLE (Line Drive, 56D)
|
Batting: LHB Rodrigo Pérez
|
0-0: Swinging Strike 0-1: Swinging Strike 0-2: Fielders Choice at 2nd, 4-6 (Groundball, 4)
|
Batting: LHB Bob Huerta
|
0-0: Ball Rodrigo Pérez is caught stealing 2nd base 1-0: Swinging Strike 1-1: Ball 2-1: Fly out, F8 (Flyball, 8LS)
|
Top of the 9th over - 0 runs, 1 hit, 0 errors, 0 left on base; Beaverton 8 - Scottsdale 2 |
BOTTOM OF THE 9TH |
Scottsdale Scorpions batting - Pitching for Beaverton Bronze Souls : RHP Vicente Guillén
|
Now in RF: Vernon Harris
|
|
Batting: RHB Miguel Ramos
|
0-0: Ball 1-0: Foul Ball, location: 2F 1-1: Ball 2-1: Swinging Strike 2-2: Fly out, F7 (Flyball, 7S)
|
Batting: RHB Dean Oglethorpe
|
0-0: Ball 1-0: Foul Ball, location: 2F 1-1: Ball 2-1: Ball 3-1: Swinging Strike 3-2: Strikes out swinging, 2-3 out at first.
|
Batting: RHB Manny Moreno
|
0-0: Foul Ball, location: 2F 0-1: Ball 1-1: Ball 2-1: Called Strike 2-2: Foul Ball, location: 2F 2-2: Strikes out swinging
|
Bottom of the 9th over - 0 runs, 0 hits, 0 errors, 0 left on base; Beaverton 8 - Scottsdale 2 |
|